 Dungeon Crawl Stone Soup version 0.20.1-1-g8b1a95d (webtiles) character file.

217 slep the Skirmisher (level 5, 0/43 HPs)
             Began as a Demonspawn Abyssal Knight on Oct 26, 2017.
             Was a Priest of Lugonu.
             Slain by a worker ant zombie (2 damage)
             ... on level 4 of the Dungeon.
             The game lasted 00:14:40 (2731 turns).

slep the Skirmisher (Demonspawn Abyssal Knight)     Turns: 2731, Time: 00:14:41

Health: 0/43       AC:  5    Str: 12    XL:     5   Next: 61%
Magic:  7/7        EV: 12    Int: 13    God:    Lugonu [***...]
Gold:   147        SH:  0    Dex: 14    Spells: 4/4 levels left

rFire    . . .     SeeInvis .   a - +1 falchion
rCold    . . .     Gourm    +   (no shield)
rNeg     . . .     Faith    .   b - +0 leather armour
rPois    .         Spirit   .   (helmet restricted)
rElec    .         Reflect  .   A - +0 cloak
rCorr    .         Harm     .   (no gloves)
MR       .....     Rnd*Tele +   (no boots)
Stlth    ++........             E - amulet of the gourmand
Regen    0.2/turn               i - ring of teleportation (curse)
MPRegen  0.1/turn               (no ring)

@: no status effects
A: antennae 1, rugged brown scales 1
a: Depart the Abyss, Bend Space, Banish, Renounce Religion


You were on level 4 of the Dungeon.
You worshipped Lugonu.
Lugonu was most pleased with you.
You were not hungry.

You visited 1 branch of the dungeon, and saw 4 of its levels.
You visited the Abyss 1 time.

You collected 147 gold pieces.

Inventory:

Hand Weapons
 a - a +1 falchion (weapon)
 y - a +0 short sword of venom
Missiles
 l - 5 javelins (quivered)
 D - a throwing net
Armour
 b - a +0 leather armour (worn)
 A - a +0 cloak (worn)
Jewellery
 i - a cursed ring of teleportation (left hand)
 E - an amulet of the gourmand (around neck)
Scrolls
 j - a scroll of enchant weapon {unknown}
 k - a scroll of random uselessness {unknown}
 p - a scroll of noise {unknown}
 q - a scroll of teleportation {unknown}
 v - 2 scrolls of remove curse {unknown}
 w - a scroll of immolation {unknown}
 x - 2 scrolls of identify {unknown}
 z - a scroll of recharging {unknown}
 C - a scroll of fear {unknown}
Potions
 d - a potion of magic {unknown}
 e - a potion of resistance {unknown}
 g - 2 potions of curing
 h - 2 potions of might {unknown}
 m - a potion of mutation {unknown}
 o - a potion of berserk rage {unknown}
 r - a potion of flight {unknown}
 s - 2 potions of lignification {unknown}
 t - a potion of heal wounds {unknown}
 u - a potion of brilliance {unknown}
Comestibles
 c - 5 bread rations
 f - 4 fruits
 n - 2 royal jellies


   Skills:
 + Level 3.9 Fighting
 + Level 3.6 Long Blades
 + Level 0.3 Throwing
 + Level 2.6 Armour
 + Level 1.6 Dodging
 + Level 1.5 Stealth
 + Level 2.7 Invocations


You had 4 spell levels left.
You didn't know any spells.

Dungeon Overview and Level Annotations

Branches:
Dungeon (4/15)
 Temple: D:4-7

Altars:
Fedhas
Trog


Innate Abilities, Weirdness & Mutations

You have a pair of small antennae on your head.
You are partially covered in rugged brown scales. (AC +1, +3% HP)


Message History

The worker ant zombie is lightly damaged.
The worker ant zombie bites you.
* * * LOW HITPOINT WARNING * * *
You barely miss the worker ant zombie.
The worker ant zombie is lightly damaged.
The worker ant zombie bites you.
* * * LOW HITPOINT WARNING * * *
You hit the worker ant zombie but do no damage.
The worker ant zombie is lightly damaged.
The worker ant zombie misses you.
You hit the worker ant zombie but do no damage.
The worker ant zombie is lightly damaged.
The worker ant zombie closely misses you.
You riposte.
You hit the worker ant zombie but do no damage.
The worker ant zombie is lightly damaged.
You hit the worker ant zombie.
The worker ant zombie is moderately damaged.
The worker ant zombie bites you.
You die...

# #. +## .#### ..#
[... #.# ..# #"#
#.# # #.# #.# #
#.##.# ##@####.#
###### # #..#.# #
#..Z(...# #....# #
##.#.#.# #..######
#....# # ###.#.#.#
#..# #....# #
........# #..#
#....# #
.##.[.###.## #..#
#....# #
.+.......... #..#
###.)..###
.###..###.# #..#
#........# .# ##>#
##########........#


You could see a worker ant zombie.

Vanquished Creatures
  Jessica (D:2)
  A worker ant (D:4)
  6 adders
  2 oozes
  An adder skeleton (D:4)
  4 worms
  6 leopard geckos
  3 orcs (D:3)
  A ball python (D:3)
  6 giant cockroaches
  6 goblins
  10 hobgoblins
  3 jackals (D:2)
  2 quokkas
  13 bats
  5 frilled lizards
  11 kobolds
  2 rats
83 creatures vanquished.

Notes
Turn   | Place    | Note
-------+----------+-------------------------------------------
     0 | Abyss:1  | slep the Demonspawn Abyssal Knight began the quest for the Orb.
     0 | Abyss:1  | Reached XP level 1. HP: 18/18 MP: 2/2
   102 | Abyss:1  | Found a corrupted altar of Lugonu.
   102 | Abyss:1  | Noticed an earth elemental
   109 | Abyss:2  | Found a corrupted altar of Lugonu.
   130 | Abyss:2  | Noticed a thrashing horror
   132 | D:1      | Escaped the Abyss
   163 | D:1      | Reached * piety under Lugonu
   247 | D:1      | Gained mutation: You have a pair of small antennae on your head. [demonic ancestry]
   247 | D:1      | Reached XP level 2. HP: 22/24 MP: 3/3
   466 | D:1      | Reached skill level 1 in Dodging
   555 | D:1      | Gained mutation: You are partially covered in rugged brown scales. (AC +1, +3% HP) [demonic ancestry]
   555 | D:1      | Reached XP level 3. HP: 15/29 MP: 5/5
   643 | D:2      | Noticed Jessica
   866 | D:2      | Killed Jessica
   866 | D:2      | Reached XP level 4. HP: 38/38 MP: 6/6
   934 | D:2      | Found a bloodstained altar of Trog.
   959 | D:2      | Reached ** piety under Lugonu
  1951 | D:3      | Reached XP level 5. HP: 14/43 MP: 7/7
  1954 | D:3      | Reached skill level 1 in Stealth
  2179 | D:3      | Reached *** piety under Lugonu
  2682 | D:4      | Found a blossoming altar of Fedhas.
  2728 | D:4      | HP: 2/43 [worker ant zombie (6)]
  2731 | D:4      | Slain by a worker ant zombie

Skill      XL: |  1  2  3  4  5 |
---------------+----------------+-----
Long Blades    | 2 3 |  3.6
Armour         | 2 |  2.6
Dodging        | 1 |  1.6
Stealth        | 1 |  1.5
Fighting       | |  3.9
Throwing       | |  0.3
Invocations    | |  2.7

Action                   |  1- 3 |  4- 6 || total
-------------------------+-------+-------++-------
Melee: Falchion          |    82 |   202 ||   284
Throw: Javelin           |     6 |     3 ||     9
Invok: Depart the Abyss  |     1 |       ||     1
  Use: Potion            |       |     1 ||     1
 Stab: Sleeping          |       |     4 ||     4
       Distracted        |       |     1 ||     1
  Eat: Chunk             |       |    10 ||    10
Armor: Leather armour    |    29 |    53 ||    82
Dodge: Dodged            |    63 |   126 ||   189
       Rpst.: Falchion   |    23 |    41 ||    64
